 Dungeon Crawl Stone Soup version 0.28.0 (webtiles) character file.

Game seed: 11969073251092635098

4166 oldmanjim the Chopper (level 9, -8/71 HPs)
             Began as a Demigod Enchanter on Feb 19, 2022.
             Killed from afar by an acid dragon (19 damage)
             ... with a splash of acid
             ... on level 9 of the Dungeon.
             The game lasted 01:19:03 (10661 turns).

oldmanjim the Chopper (Demigod Enchanter)          Turns: 10661, Time: 01:19:03

Health: -8/71      AC: 10    Str: 13    XL:     9   Next: 80%
Magic:  17/21      EV: 12    Int: 31    God:
Gold:   399        SH:  0    Dex: 14    Spells: 13/19 levels left

rFire   + + .      SeeInvis .   a - +1 dagger (drain)
rCold   + . .      Faith    .   (no shield)
rNeg    . . .      Spirit   .   p - +4 ring mail of Idealism {Will+ Stlth+}
rPois   .          Reflect  .   t - +0 helmet
rElec   .          Harm     .   H - scarf {rC+ rF+}
rCorr   .          Rampage  .   (no gloves)
Will    +....                   (no boots)
Stlth   +++.......              l - amulet of regeneration
HPRegen 1.01/turn               r - +6 ring of intelligence
MPRegen 0.17/turn               y - ring of protection from fire

@: no status effects
A: high MP 1, forlorn, divine attributes
a: no special abilities


You were on level 9 of the Dungeon.
You visited 1 branch of the dungeon, and saw 9 of its levels.

You collected 399 gold pieces.

Inventory:

Hand Weapons
 a - a +1 dagger of draining (weapon)
 b - the +9 war axe of the Snake Pit {vorpal, rElec rPois rC+++ Int-2}
   (You found it on level 6 of the Dungeon)

   It inflicts extra damage upon your enemies.
   Int:       It affects your intelligence (-2).
   rC:        It renders you almost immune to cold.
   rElec:     It insulates you from electricity.
   rPois:     It protects you from poison.
 m - a +2 dagger
 x - a +0 hunting sling
Missiles
 e - 181 stones
 i - 238 arrows
 k - 66 sling bullets
 n - 53 bolts
 s - 23 poisoned darts
 v - 2 throwing nets
 z - 6 silver javelins (quivered)
 D - 2 boomerangs
 J - a boomerang of dispersal
Armour
 p - the +4 ring mail of Idealism (worn) {Will+ Stlth+}
   (You took it off a kobold on level 2 of the Dungeon)

   Will:      It increases your willpower.
   Stlth:     It makes you more stealthy.
 t - a +0 helmet (worn)
 B - a +0 robe
 H - a scarf of resistance (worn)
Magical Staves
 w - a staff of poison
 A - a staff of fire
Jewellery
 l - an amulet of regeneration (around neck)
 r - a +6 ring of intelligence (left hand)
 y - a ring of protection from fire (right hand)
Wands
 u - a wand of charming (16)
 G - a wand of flame (31)
Scrolls
 f - 2 scrolls of magic mapping
 h - a scroll of fog
 C - a scroll of silence {unknown}
 E - a scroll of torment {unknown}
 I - a scroll of immolation {unknown}
Potions
 c - 2 potions of invisibility
 d - 2 potions of curing
 g - 5 potions of flight
 j - a potion of heal wounds
 o - a potion of brilliance
 q - 2 potions of might
 F - a potion of ambrosia {unknown}
 K - a potion of mutation {unknown}


   Skills:
 - Level 4.0 Fighting
 - Level 3.0 Short Blades
 + Level 5.8 Axes
 - Level 4.0 Dodging
 - Level 5.0 Stealth
 + Level 5.7 Spellcasting
 - Level 3.0 Conjurations
 - Level 5.0 Hexes
 - Level 2.0 Ice Magic
 - Level 4.0 Evocations


You had 13 spell levels left.
You knew the following spells:

 Your Spells              Type           Power      Damage    Failure   Level
a - Ensorcelled Hibernat  Hex/Ice        60%        N/A       4%          2
b - Dazzling Flash        Conj/Hex       66%        N/A       6%          3
c - Slow                  Hex            100%       N/A       1%          1

Your spell library contained the following spells:

 Spells                   Type           Power      Damage    Failure   Level
 Confusing Touch          Hex            39%        N/A       4%          3
 Tukima's Dance           Hex            39%        N/A       4%          3
 Summon Small Mammal      Summ           32%        N/A       11%         1
 Vampiric Draining        Necr           8%         2d6       32%         3


Dungeon Overview and Level Annotations

Branches:
Dungeon (9/15)             Temple (0/1) D:4
   Lair: D:8-11         Orc: D:9-12

Shops:
D:4 (

Annotations:
D:5 Prince Ribbit
D:6 4 runed translucent doors, exclusion: 4 doors
D:8 exclusion: tengu warrior


Innate Abilities, Weirdness & Mutations

You have an increased reservoir of magic. (+10% MP)
You shall have no god before yourself.
Your divine heritage dramatically boosts your attributes as you level up.


Message History

Aim: an acid dragon (chance to affect: 60%)
The acid dragon resists with significant effort.
Casting: Ensorcelled Hibernation (safe; 4% risk of failure)
Confirm with . or Enter, or press ? or * to list all spells.
Aiming: Ensorcelled Hibernation (safe; 4% risk of failure)
Press: ? - help, Shift-Dir - straight line, f/p - acid dragon
Aim: an acid dragon (chance to affect: 60%)
The acid dragon resists with significant effort.
Casting: Ensorcelled Hibernation (safe; 4% risk of failure)
Confirm with . or Enter, or press ? or * to list all spells.
Aiming: Ensorcelled Hibernation (safe; 4% risk of failure)
Press: ? - help, Shift-Dir - straight line, f/p - acid dragon
Aim: an acid dragon (chance to affect: 60%)
The acid dragon resists with significant effort.
The acid dragon spits acid at you. The splash of acid hits you!!
You hit the acid dragon but do no damage.
You drain the acid dragon.
The acid dragon is lightly wounded.
The acid dragon barely misses you. The acid dragon claws you.
You hit the acid dragon but do no damage.
The acid dragon is lightly wounded.
The acid dragon bites you! The acid dragon misses you.
You hit the acid dragon but do no damage.
You drain the acid dragon.
The acid dragon is lightly wounded.
The acid dragon closely misses you. The acid dragon barely misses you.
You barely miss the acid dragon.
The acid dragon is lightly wounded.
The acid dragon spits acid at you. The splash of acid hits you!!
* * * LOW HITPOINT WARNING * * *
You see here a scarf of repulsion.
There is an open door here.
The acid dragon spits acid at you. The splash of acid hits you!
* * * LOW HITPOINT WARNING * * *
The acid dragon spits acid at you. The splash of acid hits you!!
You die...

#..#
###...##
#.##
###..#
###+###
#######'##
......#
#........#
......+
#........#
......#
+........#
......#
#........#
......#
#........#
......#
#.@......#
......#
#........#
......#
#........#
......#
#..D.....#
#..####
####'#####
##..######
####.#
.........#
#.[..#
.........#
#.####
....<....#
#'#


You could see an acid dragon (catching breath, drained).

Vanquished Creatures
  A two-headed ogre (D:8)
  Joseph (D:8)
  A troll (D:6)
  2 steam dragons (D:7)
  A water moccasin (D:8)
  A hornet zombie (D:7)
  An orc warrior (D:8)
  A sky beast (D:6)
  2 black bears
  An ogre (D:4)
  An ice beast (D:6)
  2 centaurs
  A phantom (D:4)
  Blork the orc (D:4)
  A kobold brigand (D:6)
  3 bullfrogs
  3 scorpions
  A water moccasin zombie (D:6)
  A wyvern skeleton (D:6)
  3 howler monkeys (D:7)
  2 centaur zombies
  A bullfrog zombie (D:7)
  6 bullfrog skeletons
  5 hounds
  An orc priest (D:6)
  A centaur skeleton (D:7)
  5 iguanas
  2 gnoll shamans
  Terence (D:3)
  5 orc wizards
  Natasha (thrice) (D:2)
  2 adders
  11 gnolls
  A howler monkey skeleton (D:5)
  A white imp (D:6)
  2 ufetubi (D:6)
  3 dart slugs
  24 orcs
  2 endoplasms (D:1)
  6 giant cockroaches
  9 hobgoblins
  4 jackals
  3 quokkas
  8 ball pythons
  2 bats
  3 frilled lizards
  2 goblins (D:3)
  10 kobolds
  2 rats
156 creatures vanquished.

Vanquished Creatures (others)
  2 fungi (D:1)
  25 plants
27 creatures vanquished.

Grand Total: 183 creatures vanquished

Notes
Turn   | Place    | Note
-------+----------+-------------------------------------------
     0 | D:1      | oldmanjim the Demigod Enchanter began the quest for the
                  | Orb.
     0 | D:1      | Reached XP level 1. HP: 14/14 MP: 5/5
   147 | D:1      | Reached skill level 1 in Fighting
   950 | D:1      | Reached XP level 2. HP: 23/23 MP: 7/7
  1383 | D:1      | Learned a level 2 spell: Ensorcelled Hibernation
  1607 | D:1      | Got Plato's Handbook of the Last Visions
  2254 | D:2      | Reached XP level 3. HP: 28/28 MP: 5/8
  2421 | D:2      | Noticed Natasha
  2429 | D:2      | Killed Natasha
  2434 | D:2      | Learned a level 3 spell: Dazzling Flash
  2597 | D:2      | Identified the +4 ring mail of Idealism {Will+ Stlth+}
  2728 | D:2      | Noticed Natasha
  2764 | D:2      | Killed Natasha
  2765 | D:2      | Reached skill level 1 in Ice Magic
  2765 | D:2      | Reached XP level 4. HP: 31/35 MP: 0/9
  2872 | D:2      | Noticed Natasha
  2879 | D:2      | Killed Natasha
  3034 | D:3      | Noticed Terence
  4583 | D:4      | Noticed Blork the orc
  4692 | D:4      | Found a staircase to the Ecumenical Temple.
  4828 | D:4      | Noticed a phantom
  4909 | D:4      | Reached XP level 5. HP: 41/41 MP: 10/10
  5131 | D:4      | Killed Blork the orc
  5231 | D:4      | Found Veaxi's Weapon Shoppe.
  5732 | D:5      | Entered Level 5 of the Dungeon
  5761 | D:4      | Reached XP level 6. HP: 47/48 MP: 9/13
  5769 | D:4      | Reached skill level 1 in Short Blades
  5834 | D:4      | Reached skill level 1 in Conjurations
  5953 | D:3      | Killed Terence
  6164 | D:5      | Noticed Prince Ribbit
  6383 | D:5      | Reached XP level 7. HP: 56/56 MP: 12/15
  7221 | D:5      | Learned a level 1 spell: Slow
  7783 | D:6      | Reached skill level 5 in Hexes
  7898 | D:6      | Reached XP level 8. HP: 49/63 MP: 17/17
  8178 | D:6      | Found a large runed translucent door.
  8178 | D:6      | Found a large runed translucent door.
  8187 | D:6      | Found a large runed translucent door.
  8187 | D:6      | Found a large runed translucent door.
  8233 | D:6      | Reached skill level 5 in Stealth
  8354 | D:6      | Noticed a troll
  8390 | D:6      | Killed a troll
  8691 | D:6      | Reached skill level 5 in Spellcasting
  8691 | D:6      | Reached skill level 1 in Evocations
  8756 | D:6      | Identified the +9 war axe of the Snake Pit {vorpal, rElec
                  | rPois rC+++ Int-2}
  8839 | D:7      | Reached skill level 1 in Axes
  9031 | D:7      | Reached XP level 9. HP: 70/71 MP: 20/20
  9792 | D:8      | Noticed Joseph
  9803 | D:8      | Killed Joseph
  9894 | D:8      | Reached skill level 5 in Axes
  9955 | D:8      | Noticed a two-headed ogre
  9995 | D:8      | Killed a two-headed ogre
 10192 | D:8      | Noticed a tengu warrior
 10192 | D:8      | Noticed a tengu warrior
 10661 | D:9      | Killed from afar by an acid dragon

Illustrated notes

Levels and vault maps discovered:
D:1:      saegor_arrival_fortress, layout_basic,
          shapermc_ecumenical_altar_rom_forum, hangedman_decor_riveting,
          minmay_crystal_water, fountainhead, minmay_shallow_snake_nest
D:2:      layout_rooms, minmay_worlds_worst_comb, uniq_natasha
D:3:      layout_loops_ring, chequers_jeans, uniq_terence
D:4:      layout_loops_ring, minmay_temple_entry_stoned_glass, serial_shops,
          shop, serial_bayou, serial_bayou_pond_e, serial_bayou_crossing,
          serial_bayou_lagoon_b, serial_bayou_pond_a, uniq_blork_the_orc
D:5:      layout_layer_cave, ldierk_geyser, uniq_prince_ribbit1
D:6:      layout_basic, kennysheep_slug_shrine, minmay_hollow_rounded_squares
D:7:      layout_rooms, corexii_leaking_fountain, grunt_ministairs_2
D:8:      layout_rooms, kennysheep_diamond, minivault_22, hex_large,
          chequers_serial_rivers_large_b, uniq_joseph
D:9:      layout_roguey

Skill      XL: |  1  2  3  4  5  6  7  8  9 |
---------------+----------------------------+-----
Fighting       | 1 2 3 4 |  4.0
Hexes          | 3 4 5 |  5.0
Stealth        | 3 4 5 |  5.0
Spellcasting   | 2 3 4 5 |  5.7
Dodging        | 2 3 4 |  4.0
Ice Magic      | 1 2 |  2.0
Short Blades   | 2 3 |  3.0
Conjurations   | 2 3 |  3.0
Evocations     | 2 4 |  4.0
Axes           | 1 5 |  5.8

Action                   |  1- 3 |  4- 6 |  7- 9 || total
-------------------------+-------+-------+-------++-------
Melee: Dagger            |    91 |   182 |   391 ||   664
       Punch             |       |     1 |     5 ||     6
       War axe           |       |       |    20 ||    20
Throw: Stone             |     8 |     3 |     4 ||    15
       Dart              |     3 |    22 |       ||    25
       Javelin           |       |       |     6 ||     6
 Cast: Ensorcelled Hiber |    16 |    23 |    57 ||    96
       Dazzling Flash    |       |     1 |     7 ||     8
       Slow              |       |       |     1 ||     1
  Use: Scroll            |       |     9 |     4 ||    13
 Stab: Sleeping          |    17 |    21 |    49 ||    87
       Distracted        |       |     2 |     2 ||     4
       Invisible         |       |     1 |     1 ||     2
Armor: Robe              |     9 |       |       ||     9
       Ring mail         |       |    61 |   206 ||   267
Dodge: Dodged            |    54 |   110 |   231 ||   395
